 Dungeon Crawl Stone Soup version 0.27-a0-423-gf312af23e9 (webtiles) character file.

Game seed: 3407018786515456531

154 dickylongcocking the Insei (level 5, 0/36 HPs)
             Began as an Octopode Monk on Feb 26, 2021.
             Was a Believer of Makhleb.
             Slain by a gnoll
             ... wielding a +0 club
              (1 damage)
             ... on level 2 of the Dungeon.
             The game lasted 00:01:35 (2371 turns).

dickylongcocking the Insei (Octopode Monk)          Turns: 2371, Time: 00:01:35

Health: 0/36       AC:  1    Str: 10    XL:     5   Next: 35%
Magic:  5/5        EV: 14    Int: 14    God:    Makhleb [**....]
Gold:   214        SH:  0    Dex: 14    Spells: 4/4 levels left

rFire    . . .     SeeInvis .     - Unarmed
rCold    . . .     Faith    .   (no shield)
rNeg     . . .     Spirit   .   (helmet restricted)
rPois    .         Reflect  .   (no amulet)
rElec    .         Harm     .   (no ring)
rCorr    .         Rampage  .   (no ring)
Will     .....                  (no ring)
Stlth    +++.......             (no ring)
HPRegen  0.12/turn              (no ring)
MPRegen  0.09/turn              (no ring)
                                (no ring)
                                (no ring)

@: no status effects
A: almost no armour, stealthy swim, amphibious, 8 rings, constrict 8, camouflage
1, gelatinous body 1
a: Renounce Religion, Minor Destruction


You were on level 2 of the Dungeon.
You worshipped Makhleb.
Makhleb was pleased with you.
You visited 1 branch of the dungeon, and saw 3 of its levels.

You collected 214 gold pieces.

Inventory:

Scrolls
 a - a scroll of amnesia {unknown}
 d - 2 scrolls of teleportation {unknown}
 g - a scroll of enchant armour {unknown}
 h - a scroll of enchant weapon {unknown}
 k - 4 scrolls of identify {unknown}
 l - a scroll of blinking {unknown}
 n - a scroll of magic mapping {unknown}
Potions
 b - a potion of curing
 c - 2 potions of brilliance {unknown}
 e - a potion of heal wounds {unknown}
 f - a potion of haste {unknown}
 i - a potion of degeneration {unknown}
 j - a potion of flight {unknown}
 m - a potion of magic {unknown}


   Skills:
 - Level 3.0 Fighting
 - Level 3.0 Dodging
 - Level 2.6 Stealth
 * Level 5.9 Unarmed Combat


You had 4 spell levels left.
You didn't know any spells.
Your spell library was empty.

Dungeon Overview and Level Annotations

Branches:
Dungeon (3/15)

Altars:
Makhleb
Okawaru
Wu Jian
Xom


Innate Abilities, Weirdness & Mutations

You cannot wear most types of armour.
You are very stealthy in the water. (Stealth+)
You are amphibious.
You can wear up to eight rings at the same time.
You can use your tentacles to constrict eight enemies at once.
Your skin changes colour to match your surroundings (Stealth+).
Your rubbery body absorbs attacks. (AC +1, EV +1)


Message History

You are poisoned.
The adder poisons you!
You feel sick. The adder bites you.
* * * LOW HITPOINT WARNING * * *
You feel better. The adder bites you. The adder bites you.
You tentacle-slap the adder. You grab the adder.
The adder is lightly wounded.
You constrict the adder. The adder barely misses you.
You barely miss the adder.
The adder is moderately wounded.
You constrict the adder. The adder bites you.
* * * LOW HITPOINT WARNING * * *
You tentacle-slap the adder.
The adder is almost dead.
You constrict the adder.
You kill the adder!
Makhleb accepts your kill.
Unknown command.
There is a stone staircase leading up here.
The gnoll hits you with a +0 club.
* * * LOW HITPOINT WARNING * * *
You climb upwards.
There is a stone staircase leading down here.
Unknown command.
You barely miss the gnoll. Your grab misses the gnoll.
You tentacle-slap the gnoll, but do no damage.
The gnoll hits you with a +0 club!
* * * LOW HITPOINT WARNING * * *
You tentacle-slap the gnoll. Your grab misses the gnoll.
The gnoll is moderately wounded.
You tentacle-slap the gnoll but do no damage.
You grab the gnoll.
The gnoll is moderately wounded.
You constrict the gnoll, but do no damage.
The gnoll closely misses you.
You tentacle-slap the gnoll.
The gnoll is heavily wounded.
You constrict the gnoll. The gnoll hits you with a +0 club.
You die...

#.# #.#.##..# #.#..
#.# #.#.##..# #.#..
#.# #.#.##..# #....
#.# #.......# ###..
#.# #.###.#.# ##.. #.#
#.# #.#.# #... #.#
###.###.#.# #..# #.#
#.g...#.#.# #..#
#.###@#.#.#.#.#####÷..
#........(...........#
#####.#.#.#.#.....#..#
#.....#†..###.#...
###.......# #.....
#######.###.#..#
#......... #######...
####


You could see a gnoll.

Vanquished Creatures
  An orc priest (D:3)
  4 adders (D:3)
  2 gnolls (D:3)
  An ooze (D:3)
  A worm (D:3)
  3 dart slugs
  2 leopard geckos (D:2)
  2 orcs (D:3)
  2 ball pythons (D:3)
  2 giant cockroaches (D:2)
  7 goblins
  7 hobgoblins
  A quokka (D:2)
  8 bats
  5 frilled lizards
  4 kobolds
  5 rats
57 creatures vanquished.

Notes
Turn   | Place    | Note
-------+----------+-------------------------------------------
     0 | D:1      | dickylongcocking the Octopode Monk began the quest for the
                  | Orb.
     0 | D:1      | Reached XP level 1. HP: 16/16 MP: 1/1
   250 | D:1      | Reached XP level 2. HP: 21/21 MP: 2/2
  1076 | D:2      | Reached skill level 4 in Unarmed Combat
  1110 | D:2      | Reached XP level 3. HP: 26/26 MP: 3/3
  1629 | D:3      | Reached XP level 4. HP: 31/31 MP: 4/4
  1632 | D:3      | Reached skill level 5 in Unarmed Combat
  1755 | D:3      | Found a burning altar of Makhleb.
  1783 | D:3      | Became a worshipper of Makhleb the Destroyer
  1783 | D:3      | Reached * piety under Makhleb
  1783 | D:3      | Reached ** piety under Makhleb
  1961 | D:3      | Found a faded altar of an unknown god.
  1961 | D:3      | Found a faded altar of an unknown god.
  1970 | D:3      | Found an ornate altar of the Wu Jian Council.
  1972 | D:3      | Found a shimmering altar of Xom.
  1974 | D:3      | Found an iron altar of Okawaru.
  2016 | D:3      | Reached XP level 5. HP: 33/36 MP: 5/5
  2368 | D:2      | HP: 1/36 [gnoll/+0 club (9)]
  2371 | D:2      | Slain by a gnoll

Illustrated notes

Levels and vault maps discovered:
D:1:      sevenhm_arrival_forest_fort_small_6, layout_loops_ring
D:2:      layout_loops_ring, patterned_corridor
D:3:      layout_loops_cross, nicolae_overflow_crystal_walls,
          chequers_temple_overflow_minitemple, st_stairs_1

Skill      XL: |  1  2  3  4 |
---------------+-------------+-----
Unarmed Combat | 4 5 |  5.9
Fighting       | |  3.0
Dodging        | |  3.0
Stealth        | |  2.6

Action                   |  1- 3 |  4- 6 || total
-------------------------+-------+-------++-------
Melee: Unarmed           |    58 |    54 ||   112
       Constrict         |    19 |    13 ||    32
       Tentacles         |    14 |     5 ||    19
       Punch             |     1 |     4 ||     5
  Use: Potion            |       |     2 ||     2
 Stab: Sleeping          |    10 |     8 ||    18
Armor: Skin              |     4 |     3 ||     7
Dodge: Dodged            |    31 |    36 ||    67

Table legend: (Time is in decaauts)
 A = Elapsed time spent in this place.
 B = Non-inter-level travel time spent in this place.
 C = Inter-level travel time spent in this place.
 D = Time resting spent in this place.
 E = Time spent auto-exploring this place.
 F = Levels seen in this place.
 G = Mean time per level.
                   A        B        C        D        E       F      G
               +--------+--------+--------+--------+--------+-----+--------+
         Total |   2361 |   2332 |     29 |      0 |   1964 |   3 |  787.0 |
       Dungeon |   2361 |   2332 |     29 |      0 |   1964 |   3 |  787.0 |
               +--------+--------+--------+--------+--------+-----+--------+

Top non-repeatable levels by time:
     D:1: 909 daAuts
     D:3: 743 daAuts
     D:2: 708 daAuts
